 Dungeon Crawl Stone Soup version 0.13-a0-3104-gb5885e9 (webtiles) character file.

60 Malachi the Skirmisher (level 2, 0/22 HPs)
             Began as a Mummy Chaos Knight on Sept 19, 2013.
             Was a Plaything of Xom.
             Killed from afar by a ynoxinul (16 damage)
             ... with an iron shot
             ... summoned by Xom
             ... on Level 1 of the Dungeon.
             The game lasted 00:01:22 (3303 turns).

Malachi the Skirmisher (Mummy Chaos Knight)         Turns: 3303, Time: 00:01:22

HP   0/22        AC  6     Str 15      XL: 2   Next: 79%
MP   2/2         EV 10     Int 11      God: Xom
Gold 36          SH  0     Dex 11      Spells:  0 memorised,  1 level left

Res.Fire  : x . .   See Invis. : .   a - +0 falchion (chaos)
Res.Cold  : + . .   Warding    : .   b - +2 leather armour
Life Prot.: + + +   Conserve   : .   (no shield)
Res.Poison: +       Res.Corr.  : .   d - +0 helmet
Res.Elec. : .       Clarity    : .   (no cloak)
Sust.Abil.: . .     Spirit.Shd : .   (no gloves)
Res.Mut.  : .       Stasis     : .   (no boots)
Res.Rott. : +       Flight     : .   (no amulet)
Saprovore : . . .                    (no ring)
                                     (no ring)

@: slightly resistant to hostile enchantments, very unstealthy
A: no food or potions, fire vulnerability, restore body, cold resistance 1, life
protection 3, poison resistance, torment resistance, unbreathing
a: Renounce Religion


You were on level 1 of the Dungeon.
You worshipped Xom.
You were a beloved toy of Xom.
You were not hungry.

You visited 1 branch of the dungeon, and saw 1 of its levels.

You collected 16 gold pieces.

Inventory:

Hand weapons
 a - a +0,+0 falchion of chaos (weapon)
Armour
 b - a +2 leather armour (worn)
 d - a +0 helmet (worn)
Scrolls
 c - 2 scrolls of remove curse {unknown}
 e - a scroll of identify {unknown}
Jewellery
 f - an uncursed amulet of the gourmand {unknown}


   Skills:
 + Level 3.4 Fighting
 + Level 2.7 Long Blades
 + Level 1.8 Armour
 + Level 1.0 Dodging
 + Level 0.1 Stealth


You had one spell level left.
You didn't know any spells.

Dungeon Overview and Level Annotations

Branches:
Dungeon (1/27)

Altars:


Innate Abilities, Weirdness & Mutations

You do not eat or drink.
Your flesh is vulnerable to fire.
Your flesh is cold resistant.
You are immune to negative energy.
Your system is resistant to poisons.
You are immune to unholy pain and torment.
You can survive without breathing.


Message History

No target in view!
No target in view!
No target in view!
You see here a kobold corpse.
You see here a giant newt skeleton.
A ynoxinul comes into view.
You hear Xom's maniacal laughter.
You are now a beloved toy of Xom.
A ynoxinul is nearby!
A ynoxinul is nearby!
A ynoxinul is nearby!
A ynoxinul is nearby!
A ynoxinul is nearby!
You hit the ynoxinul but do no damage. The ynoxinul hits you.
The ynoxinul closely misses you.
You see here a giant gecko skeleton.
The ynoxinul gestures at you. The iron shot hits you!
Ouch! That really hurt!
You die... "Huh?
Did I miss anything?"

############################
..............>............#
.................#########.#
################.# #.# #@#
#.# ######## #.# #.#
###......#######3#########.#
...........%.....((.....##.#
###......#######.##(...[##.#
#......# #.##.....##.#
###.#### #.##..(..##.# #.#
#.##.....##.# ####
≈≈≈#....)##.#


You could see a ynoxinul.

Vanquished Creatures
  A giant gecko (D:1)
  An ooze (D:1)
  A bat zombie (D:1)
  2 goblins (D:1)
  2 hobgoblins (D:1)
  2 bats (D:1)
  A giant cockroach (D:1)
  3 giant newts (D:1)
  A goblin zombie (D:1)
  3 jackals (D:1)
  3 kobolds (D:1)
  3 rats (D:1)
23 creatures vanquished.

Notes
Turn   | Place    | Note
--------------------------------------------------------------
     0 | D:1      | Malachi, the Mummy Chaos Knight, began the quest for the Orb.
     0 | D:1      | Reached XP level 1. HP: 16/16 MP: 1/1
   661 | D:1      | XOM: divination: detect creatures
   905 | D:1      | XOM is BORED!
   905 | D:1      | XOM: mild Divn miscast
   998 | D:1      | XOM: divination: detect creatures
  1039 | D:1      | XOM: harmless Necr miscast
  1255 | D:1      | XOM: harmless Summ miscast
  1807 | D:1      | XOM: silly message
  2025 | D:1      | XOM: colour smoke trail
  2250 | D:1      | XOM: harmless Tloc miscast
  2356 | D:1      | XOM: 1-stop teleportation journey
  2547 | D:1      | XOM: 1-stop teleportation journey
  2636 | D:1      | Reached XP level 2. HP: 20/22 MP: 2/2
  3040 | D:1      | Reached skill level 1 in Dodging
  3297 | D:1      | XOM: summons 1 hostile demon
  3298 | D:1      | Noticed a ynoxinul
  3303 | D:1      | Killed from afar by a ynoxinul

Action                   || total
-------------------------++-------
Melee: Falchion          ||    71
 Stab: Paralysed         ||     2
